 Dungeon Crawl Stone Soup version 0.21.1-1-g345015f (webtiles) character file.

40 Kairos the Charmwright (level 3, 0/28 HPs)
             Began as a Formicid Skald on Mar 25, 2018.
             Slain by a kobold (4 damage)
             ... on level 2 of the Dungeon.
             The game lasted 00:02:13 (1447 turns).

Kairos the Charmwright (Formicid Skald)             Turns: 1447, Time: 00:02:14

Health: 0/28       AC:  3    Str: 16    XL:     3   Next: 72%
Magic:  6/6        EV: 12    Int: 12    God:
Gold:   48         SH:  0    Dex: 10    Spells: 5/6 levels left

rFire    . . .     SeeInvis +   a - +0 hand axe
rCold    . . .     Gourm    .   (no shield)
rNeg     . . .     Faith    .   b - +0 leather armour
rPois    .         Spirit   .   (helmet unavailable)
rElec    .         Reflect  .   (no cloak)
rCorr    .         Harm     .   (no gloves)
MR       .....                  (no boots)
Stlth    +.........             (no amulet)
HPRegen  0.09/turn              (no ring)
MPRegen  0.10/turn              (no ring)

@: no status effects
A: permanent stasis, dig shafts and tunnels, four strong arms, antennae 3
a: Dig, Shaft Self


You were on level 2 of the Dungeon.
You were hungry.

You visited 1 branch of the dungeon, and saw 2 of its levels.

You collected 48 gold pieces.

Inventory:

Hand Weapons
 a - a +0 hand axe (weapon)
Armour
 b - a +0 leather armour (worn)
Scrolls
 f - a scroll of fog {unknown}
 g - a scroll of magic mapping {unknown}
 h - 3 scrolls of identify {unknown}
 i - 3 scrolls of remove curse {unknown}
 k - a scroll of amnesia {unknown}
Potions
 e - 2 potions of curing {unknown}
 j - a potion of flight {unknown}
Books
 c - a book of Battle

   Spells                             Type                      Level
   a - Infusion                       Charms                       1
   b - Shroud of Golubria             Charms/Translocation         2
   c - Song of Slaying                Charms                       2
   d - Spectral Weapon                Hexes/Charms                 3
   e - Regeneration                   Charms/Necromancy            3
Comestibles
 d - 4 rations


   Skills:
 + Level 2.7 Fighting
 + Level 2.3 Axes
 + Level 1.5 Armour
 + Level 1.9 Dodging
 + Level 1.3 Stealth
 + Level 2.3 Spellcasting
 + Level 3.2 Charms


You had 5 spell levels left.
You knew the following spells:

 Your Spells              Type           Power        Failure   Level  Hunger
a - Infusion              Chrm           #...         9%          1    ##.....


Dungeon Overview and Level Annotations

Branches:
Dungeon (2/15)

Altars:


Innate Abilities, Weirdness & Mutations

You cannot be hasted, slowed, berserked, paralysed or teleported.
You can dig through walls and to a lower floor.
Your four strong arms can wield two-handed weapons with a shield.
You have a pair of large antennae on your head. (SInv)


Message History

You are no longer magically infusing your attacks.
You feel sick.
You now have 48 gold pieces (gained 15).
A kobold comes into view.
You feel sick.
You see here 9 gold pieces.
The kobold shouts!
The kobold moves out of view.
You start resting.
You feel sick.
You sense a monster nearby.
You feel sick.
You are no longer poisoned.
A kobold is nearby!
You closely miss the kobold. The kobold barely misses you.
You miss the kobold. The kobold hits you.
* * * LOW HITPOINT WARNING * * *
You hit the kobold but do no damage. The kobold hits you but does no damage.
You barely miss the kobold. The kobold hits you but does no damage.
The kobold hits you.
You die...

#.....# ####.##
##### #.#
##...##########.#
#...............#
##...############
### ##.##
.....#####.#
#.....@K.#
.....#####.# ###
#.#######
#K......#
#..####.# #..# .#
#..# ##.# #..#
... ##..##.#.###


You could see a kobold.

Vanquished Creatures
  An adder (D:2)
  A worm (D:2)
  A dart slug (D:1)
  6 bats
  2 giant cockroaches (D:2)
  2 hobgoblins (D:1)
  3 jackals (D:1)
  7 kobolds
  A frilled lizard (D:1)
  A goblin (D:1)
  3 rats
28 creatures vanquished.

Notes
Turn   | Place    | Note
-------+----------+-------------------------------------------
     0 | D:1      | Kairos the Formicid Skald began the quest for the Orb.
     0 | D:1      | Reached XP level 1. HP: 16/16 MP: 3/3
    19 | D:1      | Reached XP level 2. HP: 5/23 MP: 0/5
   693 | D:1      | Reached XP level 3. HP: 28/28 MP: 6/6
  1415 | D:2      | Reached skill level 1 in Stealth
  1447 | D:2      | Slain by a kobold

Skill      XL: |  1  2  3 |
---------------+----------+-----
Stealth        | 1 |  1.3
Fighting       | |  2.7
Axes           | |  2.3
Armour         | |  1.5
Dodging        | |  1.9
Spellcasting   | |  2.3
Charms         | |  3.2

Action                   || total
-------------------------++-------
Melee: Hand axe          ||    90
 Cast: Infusion          ||     3
 Stab: Sleeping          ||     1
  Eat: Chunk             ||     1
Armor: Leather armour    ||    40
Dodge: Dodged            ||    88
